 Seeded DCSS version 0.29.1-15-g9cfb28693d (webtiles) character file.

Game seed: 16245865983455551772 (custom seed)

49684 drewk1942 the Nimble (level 14, 0/110 HPs)
             Began as a Djinni Hedge Wizard on Feb 23, 2023.
             Was the Champion of Makhleb.
             Slain by a spriggan rider
             ... wielding a +2 spear of freezing
              (4 damage)
             ... on level 5 of the Lair of Beasts on Feb 27, 2023.
             The game lasted 01:19:18 (16462 turns).

drewk1942 the Nimble (Djinni Hedge Wizard)         Turns: 16462, Time: 01:19:18

Health: 0/110      AC:  9    Str: 13    XL:     14   Next: 93%
Gold:   1428       EV: 24    Int: 23    God:    Makhleb [******] SH:  0 Dex: 15

rFire   + + +      SeeInvis .   u - +4 dagger (venom)
rCold   x x .      Faith    .   (no shield)
rNeg    . . .      Spirit   .   M - +2 robe {Archmagi}
rPois   ∞          Reflect  .   F - +2 hat
rElec   .          Harm     .   d - +1 cloak of Starlight {*Dazzle EV+4 Stlth--}
rCorr   .          Rampage  .   O - +0 pair of gloves
Will    +....      Archmagi +   (boots unavailable)
Stlth   ..........              r - amulet of regeneration
HPRegen 1.08/turn               h - +6 ring of intelligence
MPRegen 0.00/turn               o - ring of Lazerr {Fire rPois Str+2}

@: flying, studying Dodging, invisible
A: sickness immunity, fire resistance 2, cold vulnerability 1, float, innate
caster, HP casting, extra vitality 1
a: Renounce Religion, Minor Destruction, Lesser Servant of Makhleb, Major
Destruction, Greater Servant of Makhleb


You were on level 5 of the Lair of Beasts.
You worshipped Makhleb.
Makhleb was exalted by your worship.
You visited 2 branches of the dungeon, and saw 16 of its levels.
You also visited: Ice Cave.

You collected 1953 gold pieces.
You spent 525 gold pieces at shops.

Inventory:

Hand Weapons
 a - a +0 dagger
 k - a +0 dagger of draining
 u - a +4 dagger of venom (weapon)
 T - a +1 dagger of distortion
Missiles
 m - 2 silver javelins
 w - 2 curare-tipped darts
Armour
 d - the +1 cloak of Starlight (worn) {*Dazzle EV+4 Stlth--}
   (You acquired it on level 1 of the Dungeon)

   It may blind those who miss an attack against the wearer in melee combat.
   EV:        It affects your evasion (+4).
   Stlth:     It makes you much less stealthy.
 x - a +0 kite shield
 F - a +2 hat (worn)
 I - a scarf of invisibility
 M - a +2 robe of the Archmagi (worn)
 O - a +0 pair of gloves (worn)
 R - a +1 helmet
Jewellery
 h - a +6 ring of intelligence (left hand)
 i - a +6 ring of intelligence
 n - a +6 ring of intelligence
 o - the ring of Lazerr (right hand) {Fire rPois Str+2}
   (You bought it in a shop on level 7 of the Dungeon)

   [ring of fire]

   It enhances your fire magic.
   Str:       It affects your strength (+2).
   rF:        It protects you from fire.
   rC:        It makes you vulnerable to cold.
   rPois:     It protects you from poison.
 r - an amulet of regeneration (around neck)
 y - a ring of ice
 B - an amulet of faith
 G - a ring of fire
 N - a ring of ice
 S - a ring of protection from cold
Wands
 c - a wand of mindburst (11)
 p - a wand of roots (35)
 C - a wand of flame (115)
 H - a wand of charming (24)
Scrolls
 g - 8 scrolls of teleportation
 l - 7 scrolls of identify
 q - 2 scrolls of immolation
 v - a scroll of torment {unknown}
 D - 4 scrolls of amnesia
 P - 2 scrolls of enchant armour
Potions
 b - 2 potions of mutation
 e - 2 potions of flight
 f - a potion of might
 j - 5 potions of lignification
 s - 7 potions of brilliance
 t - 3 potions of berserk rage
 A - 7 potions of curing
 E - 6 potions of attraction
 K - 3 potions of degeneration
 L - a potion of cancellation
 Q - 2 potions of magic
Miscellaneous
 J - a piece from Xom's chessboard (15/15)


   Skills:
 + Level 13.4 Fighting
 * Level 4.8 Short Blades
 + Level 14.9 Dodging
 - Level 1.7 Stealth
 * Level 14.2 Spellcasting
 + Level 6.5 Invocations
 + Level 6.4 Evocations


You had 10 spell levels left.
You knew the following spells:

 Your Spells              Type           Power      Damage    Failure   Level
a - Magic Dart            Conj           100%       1d8       0%          1
b - Blink                 Tloc           100%       N/A       0%          2
c - Call Imp              Summ           89%        N/A       0%          2
d - Slow                  Hex            100%       N/A       0%          1
e - Conjure Flame         Conj/Fire      100%       6-21      1%          3
f - Mephitic Cloud        Conj/Pois/Air  89%        N/A       1%          3
g - Apportation           Tloc           100%       N/A       0%          1
h - Static Discharge      Conj/Air       89%        3-15/arc  0%          2
i - Portal Projectile     Hex/Tloc       100%       N/A       1%          3
j - Ice Form              Ice/Tmut       89%        N/A       1%          4
k - Sticky Flame          Conj/Fire      100%       2d11      1%          4
l - Manifold Assault      Tloc           89%        N/A       1%          5
Your spell library was empty.

Dungeon Overview and Level Annotations

Branches:
Dungeon (11/15)            Temple (0/1) D:5            Lair (5/5) D:8
  Swamp (0/4) Lair:3        Snake (0/4) Lair:2        Slime (0/5) Lair:4
  IceCv (visited)
    Orc: D:9-12

Altars:
Ashenzari
Cheibriados
Dithmenos
Hepliaklqana
Makhleb
Okawaru
Qazlal
Ru
Xom
Zin

Shops:
D:3 [   D:4 *:[   D:7 =


Innate Abilities, Weirdness & Mutations

You are immune to sickness and miasma.
You are immune to poison.
Your flesh is very heat resistant. (rF++)
You are vulnerable to cold. (rC-)
You float through the air rather than walking.
You learn spells naturally, not from books.
Your magical power is your life essence.
You have superior vitality. (+4 MHP)


Message History

The spriggan is severely wounded.
You closely miss the spriggan.
The spriggan is severely wounded.
The spriggan burns!
The spriggan closely misses you.
The spriggan rider hits you from afar with a +2 spear of freezing!
The spriggan rider freezes you.
You hit the spriggan.
You kill the spriggan!
Makhleb accepts your kill.
You feel better.
The spriggan rider hits you from afar with a +2 spear of freezing!!
The spriggan rider freezes you!
Casting: Sticky Flame (safe; 1% risk of failure)
Confirm with . or Enter, or press ? or * to list all spells.
You don't know that spell.
Casting: Sticky Flame (safe; 1% risk of failure)
Confirm with . or Enter, or press ? or * to list all spells.
You feel a surge of power!
Space momentarily warps into an impossible shape!
The spriggan blocks your attack.
You closely miss the spriggan. You miss the spriggan rider.
You barely miss the spriggan.
Unknown command.
The spriggan rider completely misses you.
A black bear comes into view.
Things that are here:
a +0 short sword; a +0 robe; a spriggan corpse The spriggan rider hits you from afar with a +2 spear of freezing!!
The spriggan rider freezes you!
* * * LOW HITPOINT WARNING * * *
The spriggan rider hits you from afar with a +2 spear of freezing!
* * * LOW HITPOINT WARNING * * *
The spriggan rider freezes you.
* * * LOW HITPOINT WARNING * * *
The spriggan rider hits you from afar with a +2 spear of freezing!
* * * LOW HITPOINT WARNING * * *
The spriggan rider freezes you.
* * * LOW HITPOINT WARNING * * *
You fade into invisibility!
The spriggan rider hits you from afar with a +2 spear of freezing.
You die...

♣. ♣♣...♣♣ ♣..♣♣♣..♣♣♣
♣....♣♣♣♣ ♣♣♣
♣♣♣♣....♣♣ ♣♣.....♣♣ ♣
♣......♣♣..♣ ♣...♣ h..
♣..♣......♣ ♣. ....♣
♣♣♣♣♣.....♣♣ ♣♣
..).ii♣♣♣♣♣♣♣♣♣......♣
♣ ♣i)..♣♣@...♣♣♣....
♣... ♣♣♣♣ii..♣♣♣♣
♣♣.....♣♣ ♣♣♣♣♣♣ ♣♣


You could see a spriggan rider and a spriggan.

Vanquished Creatures
  Kirke (Lair:3)
  Fannar (D:10)
  An ironbound frostheart (IceCv)
  3 hydras (Lair:4)
  2 two-headed ogres (D:9)
  2 death yaks (IceCv)
  Sonja (Lair:3)
  Amaemon (D:7)
  A lindwurm (Lair:5)
  An ugly thing (IceCv)
  Maurice (D:8)
  18 elephants
  Joseph (D:8)
  2 black mambas
  An ice statue (IceCv)
  5 cane toads
  Psyche (D:8)
  6 komodo dragons
  3 rime drakes
  2 ice devils (Lair:1)
  A troll (D:10)
  3 hornets (Lair:5)
  14 blink frogs
  12 polar bears
  13 dream sheep
  8 spriggans (Lair:5)
  Sigmund (D:5)
  A shadow (D:10)
  3 basilisks
  8 wyverns
  3 hogs
  49 yaks
  A steam dragon (D:7)
  3 nagas (Lair:2)
  9 water moccasins
  A swamp drake (Lair:3)
  An ice beast (D:7)
  2 orc warriors
  3 black bears
  An ogre (D:4)
  42 wolves
  2 boggarts (Lair:5)
  A phantom (D:6)
  4 centaurs
  4 kobold brigands
  9 bullfrogs
  2 necrophages
  5 scorpions
  11 wights
  3 killer bees
  4 howler monkeys
  4 orc priests
  A gnoll bouda (D:7)
  4 hounds
  An iron imp (D:4)
  3 iguanas
  8 orc wizards
  Natasha (thrice) (D:3)
  4 hell rats (Lair:4)
  A hound skeleton (D:4)
  8 gnolls
  4 adders
  A white imp (D:4)
  A dart slug (D:5)
  27 orcs
  6 ball pythons
  3 bats
  8 endoplasms
  A giant cockroach (D:4)
  5 goblins
  8 hobgoblins
  26 kobolds
  4 quokkas
  3 frilled lizards
  7 rats
419 creatures vanquished.

Vanquished Creatures (collateral kills)
  An orange demon (D:8)
  A hornet (D:7)
  2 yaks (D:8)
  A water moccasin (Lair:3)
  An ice beast (D:8)
  An orc warrior (D:8)
  2 black bears
  A kobold brigand (D:8)
  A scorpion (D:5)
  A killer bee (D:8)
  Jessica (D:2)
  An adder (D:6)
  2 orcs
  5 kobolds
21 creatures vanquished.

Vanquished Creatures (others)
  An orc wizard (D:8)
  43 fungi
  60 plants
104 creatures vanquished.

Grand Total: 544 creatures vanquished

Notes
Turn   | Place    | Note
-------+----------+-------------------------------------------
     0 | D:1      | drewk1942 the Djinni Hedge Wizard began the quest for the
                  | Orb.
     0 | D:1      | drewk1942 set off with the following spells memorised:
                  | Magic Dart, Blink, Call Imp, Slow, Conjure Flame, Mephitic
                  | Cloud.
     0 | D:1      | Reached XP level 1. HP: 15/15 MP: 0/0
   281 | D:1      | Identified 3 scrolls of acquirement
   281 | D:1      | Acquired a manual of Spellcasting
   282 | D:1      | Acquired 812 gold pieces
   283 | D:1      | Acquired the +1 cloak of Starlight {*Dazzle EV+4 Stlth--}
   283 | D:1      | Found the +1 cloak of Starlight {*Dazzle EV+4 Stlth--}
   572 | D:1      | Found a faded altar of an unknown god.
   595 | D:1      | Reached XP level 2. HP: 17/21 MP: 0/0
  1305 | D:1      | Reached XP level 3. HP: 22/26 MP: 0/0
  1305 | D:1      | Learned a level 1 spell: Apportation
  1554 | D:1      | Reached skill level 1 in Fighting
  1990 | D:2      | Noticed Jessica
  1994 | D:2      | Killed Jessica
  1995 | D:2      | Reached XP level 4. HP: 29/33 MP: 0/0
  2648 | D:3      | Found Ymmy Ciutu's Antique Armour Shoppe.
  2670 | D:3      | Reached XP level 5. HP: 25/38 MP: 0/0
  2670 | D:3      | Learned a level 2 spell: Static Discharge
  2712 | D:3      | Noticed Natasha
  2716 | D:3      | Killed Natasha
  2882 | D:3      | Noticed Natasha
  2883 | D:3      | Reached XP level 6. HP: 23/45 MP: 0/0
  2900 | D:3      | Killed Natasha
  3462 | D:3      | Noticed Natasha
  3464 | D:3      | Killed Natasha
  3761 | D:4      | Noticed an ogre
  3772 | D:4      | Killed an ogre
  3773 | D:4      | Reached skill level 5 in Spellcasting
  3857 | D:4      | Found Koenoidu's Book Boutique.
  3871 | D:4      | Found Gamycsypi's Antique Armour Boutique.
  3888 | D:4      | Reached XP level 7. HP: 45/51 MP: 0/0
  3888 | D:4      | Learned a level 3 spell: Portal Projectile
  3959 | D:4      | Found a burning altar of Makhleb.
  4042 | D:4      | Became a worshipper of Makhleb the Destroyer
  4295 | D:4      | Found a shadowy altar of Dithmenos.
  4354 | D:4      | Found Tuuwolaw's General Store.
  4369 | D:4      | Found a snail-covered altar of Cheibriados.
  4737 | D:5      | Entered Level 5 of the Dungeon
  4739 | D:5      | Noticed Sigmund
  4750 | D:5      | Killed Sigmund
  4751 | D:5      | Reached XP level 8. HP: 39/58 MP: 0/0
  4817 | D:5      | Reached skill level 5 in Fighting
  5378 | D:5      | Found a glowing silver altar of Zin.
  5420 | D:5      | Reached skill level 5 in Dodging
  5988 | D:5      | Found a staircase to the Ecumenical Temple.
  6227 | D:6      | Reached * piety under Makhleb
  6424 | D:6      | Reached XP level 9. HP: 66/67 MP: 0/0
  6424 | D:6      | Learned a level 4 spell: Ice Form
  7388 | D:7      | Found Dackej's Jewellery Shoppe.
  7441 | D:7      | Found a hazy altar of Hepliaklqana.
  7661 | D:7      | Reached ** piety under Makhleb
  8077 | D:8      | Noticed Maurice
  8092 | D:8      | Killed Maurice
  8093 | D:8      | Reached XP level 10. HP: 76/76 MP: 0/0
  8196 | D:7      | Reached skill level 10 in Spellcasting
  8350 | D:8      | Found a staircase to the Lair.
  8364 | D:8      | Acquired a manual of Dodging
  8404 | D:8      | Noticed an orange demon
  8408 | D:8      | Noticed Joseph
  8408 | D:8      | Noticed Amaemon
  8413 | D:8      | Killed an orange demon
  8546 | D:7      | HP: 1/93 [Amaemon/+0 demon whip of venom (9)]
  8547 | D:7      | Killed Amaemon
  8733 | D:8      | Killed Joseph
  8815 | D:8      | Reached XP level 11. HP: 82/85 MP: 0/0
  8815 | D:8      | Learned a level 4 spell: Sticky Flame
  8953 | D:8      | Found a stormy altar of Qazlal.
  9000 | D:8      | Reached *** piety under Makhleb
  9028 | D:8      | Noticed Psyche
  9037 | D:8      | Killed Psyche
  9038 | D:8      | Reached skill level 10 in Fighting
  9223 | D:9      | Found a sacrificial altar of Ru.
  9454 | D:9      | Noticed a two-headed ogre
  9462 | D:9      | Killed a two-headed ogre
  9601 | D:9      | Noticed a two-headed ogre
  9616 | D:9      | Killed a two-headed ogre
  9617 | D:9      | Reached skill level 10 in Dodging
  9634 | D:9      | Found an iron altar of Okawaru.
  9634 | D:9      | Found a shimmering altar of Xom.
  9695 | D:9      | Found a broken altar of Ashenzari.
  9910 | D:10     | Entered Level 10 of the Dungeon
 10155 | D:10     | Reached **** piety under Makhleb
 10300 | D:10     | Noticed Fannar
 10316 | D:10     | Killed Fannar
 10317 | D:10     | Reached XP level 12. HP: 94/94 MP: 0/0
 11098 | D:7      | Bought the ring of Lazerr {Fire rPois Str+2} for 525 gold
                  | pieces
 11151 | Lair:1   | Entered Level 1 of the Lair of Beasts
 11637 | Lair:1   | Reached skill level 1 in Invocations
 11637 | Lair:1   | Reached skill level 1 in Evocations
 11652 | Lair:1   | Found a frozen archway.
 11668 | IceCv    | Entered an ice cave
 12289 | IceCv    | Reached XP level 13. HP: 66/101 MP: 0/0
 12289 | IceCv    | Learned a level 5 spell: Manifold Assault
 12310 | IceCv    | Reached ***** piety under Makhleb
 12399 | IceCv    | Noticed an ironbound frostheart
 12519 | IceCv    | Noticed an ironbound frostheart
 12535 | IceCv    | Killed an ironbound frostheart
 13154 | Lair:2   | Found a staircase to the Snake Pit.
 14012 | Lair:2   | Reached skill level 5 in Invocations
 14022 | Lair:2   | Reached skill level 5 in Evocations
 14135 | Lair:3   | Found a staircase to the Swamp.
 14193 | Lair:3   | Noticed Sonja
 14208 | Lair:3   | Killed Sonja
 14418 | Lair:3   | Reached XP level 14. HP: 91/108 MP: 0/0
 14420 | Lair:3   | Reached skill level 1 in Short Blades
 15646 | Lair:4   | Found a staircase to the Slime Pits.
 15655 | Lair:4   | Noticed Kirke
 15873 | Lair:3   | Killed Kirke
 16084 | Lair:5   | Entered Level 5 of the Lair of Beasts
 16183 | Lair:5   | Reached ****** piety under Makhleb
 16461 | Lair:5   | HP: 3/110 [spriggan rider/+2 spear of freezing (4)]
 16462 | Lair:5   | Slain by a spriggan rider

Illustrated notes

Levels and vault maps discovered:
D:1:      minmay_arrival_hallway, layout_loops_corners, basic_ecumenical_altar,
          minmay_unequal
D:2:      layout_loops_ring, uniq_jessica
D:3:      layout_basic, serial_shops, nicolae_shop_advertising_works
          [nicolae_subvault_shop_adworks], minmay_shallow_snake_nest,
          uniq_natasha
D:4:      layout_rooms, grunt_dithmenos_smoke_and_mirrors,
          makhleb_blood_cavern_becter, slow_altar_1, serial_shops,
          nicolae_square_shop, nicolae_shop_temple_entry_statues_fountains,
          kennysheep_mini_moat, chequers_serial_rivers_large_a,
          minmay_fractal_squares_gapless_5
D:5:      layout_layer_cave, mainiacjoe_overflow_cross_hatched,
          lemuel_temple_firewalk_b, uniq_sigmund
D:6:      layout_basic
D:7:      layout_basic, nicolae_hepliaklqana_hazy_memory, serial_shops,
          nicolae_stop_n_shop_2
D:8:      layout_basic, nicolae_qazlal_style_of_elements,
          grunt_lair_entry_orc_guard_hut, uniq_amaemon, uniq_psyche,
          uniq_joseph, uniq_maurice
D:9:      layout_roguey, nicolae_overflow_crystal_walls,
          gammafunk_temple_overflow_claw
D:10:     layout_loops_ring, uniq_fannar
D:11:     layout_long_grid, grunt_livestock, kennysheep_island_fort
Lair:1:   layout_loops_ring, portal_ice_cave_demonic_guard, grunt_megastairs_2
Lair:2:   layout_roguey, guppyfry_snake_entry_island
Lair:3:   layout_cave_shapes, minmay_swamp_entry_reptiles, uniq_sonja
Lair:4:   layout_roguey, slime_entry_1, grunt_megastairs_3, uniq_kirke
Lair:5:   minmay_lair_end_enchanted_forest, layout_long_grid,
          infiniplex_staircase_pool_2

Skill      XL: |  1  2  3  4  5  6  7  8  9 10 11 12 13 14 |
---------------+-------------------------------------------+-----
Spellcasting   | 3 4 5 6 7 9 11 12 13 14 | 14.2
Fighting       | 1 2 3 4 6 8 9 11 12 13 | 13.4
Dodging        | 3 4 5 6 8 10 12 13 14 | 14.9
Invocations    | 3 5 6 |  6.5
Evocations     | 3 5 6 |  6.4
Short Blades   | 4 |  4.8
Stealth        | |  1.7

Action                   |  1- 3 |  4- 6 |  7- 9 | 10-12 | 13-15 || total
-------------------------+-------+-------+-------+-------+-------++-------
Melee: Dagger            |     1 |     8 |    85 |    37 |   271 ||   402
       Unarmed           |       |       |   108 |   242 |   327 ||   677
       Punch             |       |       |     1 |       |     2 ||     3
 Cast: Magic Dart        |    52 |    95 |   160 |    97 |    31 ||   435
       Call Imp          |     2 |     1 |    18 |    10 |     5 ||    36
       Conjure Flame     |       |     2 |       |     2 |       ||     4
       Slow              |       |     1 |       |       |     2 ||     3
       Mephitic Cloud    |       |       |     4 |     2 |     9 ||    15
       Ice Form          |       |       |     5 |    18 |    19 ||    42
       Blink             |       |       |       |     1 |     5 ||     6
       Sticky Flame      |       |       |       |   148 |   156 ||   304
       Manifold Assault  |       |       |       |       |   126 ||   126
Invok: Minor Destruction |       |       |       |       |     2 ||     2
Evoke: Wand              |       |       |     1 |     6 |     3 ||    10
  Use: Scroll            |     3 |       |       |    15 |    15 ||    33
       Potion            |       |       |       |     1 |     4 ||     5
 Stab: Invisible         |       |       |     4 |     2 |     3 ||     9
       Distracted        |       |       |     1 |     1 |     1 ||     3
       Confused          |       |       |       |     1 |     5 ||     6
Armor: Robe              |     2 |     5 |    26 |    11 |    24 ||    68
       Skin              |       |       |    61 |   177 |   204 ||   442
Dodge: Dodged            |    10 |    22 |   225 |   389 |   615 ||  1261
